 Dungeon Crawl Stone Soup version 0.30.0-29-ga12c61a403 (webtiles) character file.

Game seed: 15309401956329627299

7161 safid the Frost Mage (level 11, -3/93 HPs)
             Began as a Merfolk Ice Elementalist on June 16, 2023.
             Was a Believer of Vehumet.
             Slain by a white ugly thing (27 damage)
             ... on level 11 of the Dungeon.
             The game lasted 00:19:55 (11484 turns).

safid the Frost Mage (Merfolk Ice Elementalist)    Turns: 11484, Time: 00:19:56

Health: -3/93      AC: 13    Str: 10    XL:     11   Next: 10%
Magic:  16/23      EV: 13    Int: 21    God:    Vehumet [**....]
Gold:   525        SH:  0    Dex: 14    Spells: 19/26 levels left

rFire   . . .        w - +2 whip (flame)
rCold   . . .        (no shield)
rNeg    . . .        a - +0 robe
rPois   .            c - +0 helmet of Relativism {rElec Will- Regen+ Int+3}
rElec   +            (no cloak)
rCorr   .            C - +0 pair of gloves
SInv    .            (no boots)
Will    .....        (no amulet)
Stlth   ++           (no ring)
HPRegen 1.15/turn    (no ring)
MPRegen 0.18/turn

%: no passive effects
@: ice-armoured, freezing walls
A: (nimble swimmer 2), mertail
a: Renounce Religion


You were on level 11 of the Dungeon.
You worshipped Vehumet.
Vehumet was pleased with you.
You visited 1 branch of the dungeon, and saw 11 of its levels.
You also visited: Sewer.

You collected 525 gold pieces.

Inventory:

Hand Weapons
 w - a +2 whip of flaming (weapon)
Missiles
 e - 6 throwing nets
 D - a curare-tipped dart
Armour
 a - a +0 robe (worn)
 c - the +0 helmet of Relativism (worn) {rElec Will- Regen+ Int+3}
   (You found it on level 4 of the Dungeon)

   Int:       It affects your intelligence (+3).
   rElec:     It insulates you from electricity.
   Regen:     It increases your rate of health regeneration.
   Will:      It decreases your willpower.
 C - a +0 pair of gloves (worn)
Jewellery
 H - a ring of resist corrosion
 J - an amulet of magic regeneration
Wands
 F - a wand of iceblast (23)
 I - a wand of mindburst (4)
Scrolls
 d - 2 scrolls of blinking
 g - a scroll of fog {unknown}
 h - a scroll of magic mapping {unknown}
 l - 5 scrolls of teleportation
 p - 2 scrolls of enchant weapon
 q - 3 scrolls of enchant armour
 x - a scroll of noise {unknown}
 y - 2 scrolls of amnesia {unknown}
 B - 2 scrolls of fear {unknown}
 G - a scroll of brand weapon {unknown}
Potions
 b - 6 potions of magic
 f - 5 potions of attraction {unknown}
 i - 4 potions of haste {unknown}
 j - 2 potions of brilliance {unknown}
 k - a potion of lignification {unknown}
 m - 6 potions of might
 n - a potion of flight {unknown}
 o - 3 potions of curing {unknown}
 r - 2 potions of resistance {unknown}
 s - 2 potions of cancellation {unknown}
 t - a potion of invisibility {unknown}
 u - a potion of experience {unknown}
 v - 2 potions of mutation {unknown}
 z - 4 potions of degeneration {unknown}
 A - 3 potions of heal wounds
 E - a potion of berserk rage {unknown}


   Skills:
 + Level 11.1 Fighting
 - Level 4.0 Dodging
 - Level 2.1 Stealth
 - Level 8.0 Spellcasting
 + Level 11.9 Ice Magic


You had 19 spell levels left.
You knew the following spells:

 Your Spells              Type           Power      Damage    Failure   Level
a - Freeze                Ice            100%       1d10      1%          1
b - Frozen Ramparts       Ice            100%       1d16      1%          3
c - Ozocubu's Armour      Ice            55%        N/A       1%          3

Your spell library contained the following spells:

 Spells                   Type           Power      Damage    Failure   Level
 Searing Ray              Conj           16%        2d5       12%         2
 Summon Ice Beast         Ice/Summ       33%        N/A       7%          4
 Necrotise                Necr           32%        1d5       8%          1
 Static Discharge         Conj/Air       16%        2-3/arc   12%         2
 Vampiric Draining        Necr           8%         2d6       24%         3
 Airstrike                Air            4%         2d(1-17)  61%         4
 Summon Lightning Spire   Summ/Air       8%         N/A       61%         4
 Agony                    Necr           8%         N/A       91%         5
 Borgnjor's Revivificati  Necr           4%         N/A       100%        8
 Necromutation            Tmut/Necr      4%         N/A       100%        8
 Death's Door             Necr           4%         N/A       100%        9


Dungeon Overview and Level Annotations

Branches:
Dungeon (11/15)            Temple (0/1) D:7           Sewer (visited)
   Lair: D:8-11         Orc: D:9-12

Altars:
Cheibriados
Makhleb
Nemelex Xobeh
Ru
Sif Muna
Trog
Vehumet
Yredelemnul

Shops:
D:4 [

Annotations:
D:5 2 runed translucent doors, wesleywilliam's ghost, novice HOFE
D:8 Erica


Innate Abilities, Weirdness & Mutations

((You are very nimble when in or above water. (Stealth+, EV+, Speed+++)))
Your lower body shifts to a powerful aquatic tail in water.


Message History

The white ugly thing is lightly wounded.
The white ugly thing resists.
The wall freezes the white ugly thing.
The white ugly thing kicks you. The white ugly thing freezes you!
You hit the white ugly thing. You burn the white ugly thing.
The white ugly thing is lightly wounded.
The wall freezes the white ugly thing but does no damage.
The white ugly thing kicks you! The white ugly thing freezes you!!
You hit the white ugly thing. You burn the white ugly thing.
Your punch misses the white ugly thing.
The white ugly thing is moderately wounded.
The white ugly thing resists.
The wall freezes the white ugly thing!
The white ugly thing kicks you. The white ugly thing freezes you!!
You are too injured to fight recklessly!
You are too injured to fight recklessly!
You are too injured to fight recklessly!
Press: ? - help, v - describe, . - travel
Here: a white ugly thing (moderately wounded)
The floor.
Okay, then.
Casting: Ozocubu's Armour (safe; 1% risk of failure)
Confirm with . or Enter, or press ? or * to list all spells.
Aiming: Freeze (safe; 1% risk of failure)
Press: ? - help, Shift-Dir - straight line, f - white ugly thing
Aim: a white ugly thing (moderately wounded)
You freeze the white ugly thing.
The white ugly thing resists.
The white ugly thing is heavily wounded.
The white ugly thing resists.
The wall freezes the white ugly thing.
The white ugly thing misses you.
Casting: Freeze (safe; 1% risk of failure)
Confirm with . or Enter, or press ? or * to list all spells.
Aiming: Freeze (safe; 1% risk of failure)
Press: ? - help, Shift-Dir - straight line, f/p - white ugly thing
Aim: a white ugly thing (heavily wounded)
You freeze the white ugly thing.
The white ugly thing resists.
The white ugly thing is heavily wounded.
The white ugly thing resists.
The wall freezes the white ugly thing.
The white ugly thing kicks you!
* * * LOW HITPOINT WARNING * * *
The white ugly thing freezes you!!
You die...

#.#########.#########
##'### #.......#
.....# #..####.#
.....# #..# #.#
.....# #..####.#
...#.# #..#....#
.....# #..#.####
.#.### #..#.#######+
..... #..#.@u......
.....# #####..?.. ...
.. ... .


You could see a white ugly thing.

Vanquished Creatures
  2 two-headed ogres
  Joseph (D:8)
  Prince Ribbit (D:8)
  Grinder (D:4)
  Sigmund (D:5)
  3 wraiths (D:10)
  7 yaks (D:11)
  An acid dragon (D:8)
  2 water moccasins
  Duvessa (D:6)
  2 orc warriors
  A black bear (D:6)
  A sky beast (D:8)
  An ice beast (D:4)
  2 ogres
  4 centaurs
  A phantom (D:6)
  3 kobold brigands
  A bullfrog (D:7)
  A scorpion (D:6)
  A gnoll sergeant (D:7)
  Dowan (D:6)
  8 killer bees
  3 howler monkeys
  2 jellies
  A quasit (D:7)
  A gnoll bouda (D:8)
  6 orc priests
  3 hounds
  A sleepcap (D:6)
  6 iguanas
  7 orc wizards
  Natasha (D:2)
  12 gnolls
  18 adders
  2 river rats (D:4)
  6 shadow imps
  7 white imps
  6 ufetubi
  A worm (D:4)
  2 dart slugs
  21 orcs
  6 bats
  2 endoplasms (D:2)
  6 giant cockroaches
  12 goblins
  7 hobgoblins
  7 jackals
  41 kobolds
  4 quokkas
  9 ball pythons
  6 frilled lizards
  7 rats
260 creatures vanquished.

Notes
Turn   | Place    | Note
-------+----------+-------------------------------------------
     0 | D:1      | safid the Merfolk Ice Elementalist began the quest for the
                  | Orb.
     0 | D:1      | Reached XP level 1. HP: 13/13 MP: 3/3
   210 | D:1      | Found a faded altar of an unknown god.
   219 | D:1      | Reached XP level 2. HP: 20/20 MP: 0/5
   314 | D:1      | Reached skill level 1 in Fighting
  1155 | D:2      | Reached XP level 3. HP: 9/26 MP: 0/6
  1159 | D:2      | Learned a level 3 spell: Frozen Ramparts
  1764 | D:2      | Noticed Natasha
  1772 | D:2      | Killed Natasha
  1773 | D:2      | Reached skill level 5 in Ice Magic
  1773 | D:2      | Reached XP level 4. HP: 4/33 MP: 0/8
  2335 | D:3      | Found a snail-covered altar of Cheibriados.
  2706 | D:3      | Found a bloodstained altar of Trog.
  2785 | D:3      | Reached XP level 5. HP: 24/39 MP: 9/9
  3092 | D:4      | Found a glowing drain.
  3105 | Sewer    | Entered a sewer
  3536 | Sewer    | Noticed a kobold brigand
  3543 | Sewer    | Killed a kobold brigand
  3544 | Sewer    | Reached XP level 6. HP: 36/47 MP: 6/11
  3651 | D:4      | Identified the +0 helmet of Relativism {rElec Will- Regen+
                  | Int+3}
  3730 | D:4      | Found Kuruqumu's Antique Armour Shoppe.
  4063 | D:4      | Noticed Grinder
  4099 | D:4      | Killed Grinder
  4100 | D:4      | Reached XP level 7. HP: 22/55 MP: 11/13
  4725 | D:5      | Entered Level 5 of the Dungeon
  4776 | D:5      | Noticed Sigmund
  4782 | D:5      | Killed Sigmund
  4783 | D:5      | Reached skill level 5 in Fighting
  4801 | D:5      | Learned a level 3 spell: Ozocubu's Armour
  4824 | D:5      | Reached XP level 8. HP: 55/62 MP: 15/15
  4981 | D:5      | Reached skill level 5 in Spellcasting
  5272 | D:5      | Found a large runed translucent door.
  5272 | D:5      | Found a large runed translucent door.
  5555 | D:5      | Found a sparkling altar of Nemelex Xobeh.
  5866 | D:5      | Noticed wesleywilliam's ghost (novice HOFE)
  6477 | D:6      | Noticed Duvessa
  6634 | D:6      | Reached XP level 9. HP: 71/71 MP: 14/18
  6782 | D:6      | Found a radiant altar of Vehumet.
  6796 | D:6      | Became a worshipper of Vehumet
  6926 | D:6      | Noticed Dowan
  6936 | D:6      | Killed Dowan
  6942 | D:6      | Killed Duvessa
  7605 | D:7      | Reached * piety under Vehumet
  7605 | D:7      | Offered knowledge of Magic Dart by Vehumet.
  7864 | D:7      | Found a staircase to the Ecumenical Temple.
  7963 | D:8      | Noticed Prince Ribbit
  7969 | D:8      | Killed Prince Ribbit
  8198 | D:8      | Noticed Joseph
  8250 | D:8      | Killed Joseph
  8251 | D:8      | Reached XP level 10. HP: 34/82 MP: 15/21
  8481 | D:8      | Noticed Erica
  8616 | D:8      | Found a sacrificial altar of Ru.
  8616 | D:8      | Found a burning altar of Makhleb.
  8735 | D:8      | Found a basalt altar of Yredelemnul.
  9212 | D:9      | Reached skill level 10 in Ice Magic
  9433 | D:9      | Noticed a two-headed ogre
  9452 | D:9      | Killed a two-headed ogre
  9635 | D:9      | Found a shimmering blue altar of Sif Muna.
 10160 | D:10     | Entered Level 10 of the Dungeon
 10266 | D:10     | Offered knowledge of Searing Ray by Vehumet.
 10392 | D:10     | Reached ** piety under Vehumet
 10423 | D:10     | Noticed a two-headed ogre
 10432 | D:10     | Killed a two-headed ogre
 10433 | D:10     | Reached skill level 10 in Fighting
 11215 | D:11     | Reached XP level 11. HP: 88/92 MP: 17/23
 11475 | D:11     | Noticed a white ugly thing
 11484 | D:11     | Slain by a white ugly thing

Illustrated notes

Levels and vault maps discovered:
D:1:      giann_wishing_wells, layout_loops_corners,
          hellmonk_ecumenical_altar_lost_god
D:2:      layout_loops_ring, uniq_natasha
D:3:      layout_loops_cross, mainiacjoe_overflow_brackets,
          mainiacjoe_overflow_alcove_1, minmay_goblin_outpost
D:4:      mumra_celtic_spiral_tile, layout_loops_ring, portal_sewer_entry_e,
          serial_shops, nicolae_shop_getting_attention, uniq_grinder
D:5:      kennysheep_kobold_camp, layout_basic, nemelex_diamond_rough_becter,
          ebering_ghost_disaster_area, dreamdust_mushroom_princess, uniq_sigmund
D:6:      layout_cave_pools, mainiacjoe_overflow_alcove_4,
          minmay_misc_feat_five, uniq_duvessa
D:7:      layout_cave_pools, minmay_temple_entry_antechambers, serial_demonic,
          serial_demonic_e, serial_demonic_b, serial_demonic_e,
          serial_demonic_a, serial_demonic_c, serial_demonic_e,
          kennysheep_potato
D:8:      layout_basic, gammafunk_temple_overflow_elements,
          mainiacjoe_overflow_cross_hatched, uniq_erica, uniq_prince_ribbit1,
          uniq_joseph
D:9:      layout_stronghold, tgw_sif
D:10:     layout_cave_pods
D:11:     layout_basic, minmay_lair_entry_grove

Skill      XL: |  1  2  3  4  5  6  7  8  9 10 11 |
---------------+----------------------------------+-----
Fighting       | 1 2 3 4 5 6 8 10 11 | 11.1
Ice Magic      | 5 6 8 9 11 | 11.9
Spellcasting   | 3 4 6 7 8 |  8.0
Dodging        | 3 4 |  4.0
Stealth        | |  2.1

Action                     |  1- 3 |  4- 6 |  7- 9 | 10-12 || total
---------------------------+-------+-------+-------+-------++-------
  Melee: Unarmed           |    11 |       |       |       ||    11
         Dagger            |    53 |    28 |       |       ||    81
         Punch             |     1 |     2 |     1 |     3 ||     7
         Whip              |       |    60 |   312 |   141 ||   513
         Tailslap          |       |       |       |     2 ||     2
   Fire: Sling             |       |    68 |       |       ||    68
   Cast: Freeze            |    30 |    31 |    76 |    17 ||   154
         Frozen Ramparts   |       |     5 |    27 |    19 ||    51
         Ozocubu's Armour  |       |       |    17 |    16 ||    33
    Use: Potion            |       |     3 |     1 |       ||     4
         Scroll            |       |       |     4 |     3 ||     7
   Stab: Sleeping          |     8 |     1 |     3 |     1 ||    13
 Armour: Robe              |    16 |    24 |   128 |    59 ||   227
  Dodge: Dodged            |    50 |   128 |   313 |   131 ||   622
